 Dungeon Crawl Stone Soup version 0.23-a0-73-g64c3ba73d4 (webtiles) character file.

20 Holzbalken the Chopper (level 2, 0/22 HPs)
             Began as a Demonspawn Gladiator on Aug 10, 2018.
             Succumbed to a kobold's poison
             ... on level 1 of the Dungeon.
             The game lasted 00:02:02 (424 turns).

Holzbalken the Chopper (Demonspawn Gladiator)        Turns: 424, Time: 00:02:03

Health: 0/22       AC:  6    Str: 14    XL:     2   Next: 58%
Magic:  2/2        EV: 13    Int:  9    God:
Gold:   21         SH:  0    Dex: 14    Spells: 1/1 levels left

rFire    . . .     SeeInvis .   a - +0 war axe
rCold    . . .     Gourm    .   (no shield)
rNeg     . . .     Faith    .   b - +0 leather armour
rPois    .         Spirit   .   c - +0 helmet
rElec    .         Reflect  .   (no cloak)
rCorr    .         Harm     .   (no gloves)
MR       .....                  (no boots)
Stlth    +.........             (no amulet)
HPRegen  0.07/turn              (no ring)
MPRegen  0.08/turn              (no ring)

@: lethally poisoned (0 -> -3)
A: icy blue scales 1
a: no special abilities


You were on level 1 of the Dungeon.
You were not hungry.

You visited 1 branch of the dungeon, and saw 1 of its levels.

You collected 21 gold pieces.

Inventory:

Hand Weapons
 a - a +0 war axe (weapon)
Missiles
 d - 3 throwing nets (quivered)
Armour
 b - a +0 leather armour (worn)
 c - a +0 helmet (worn)
Comestibles
 f - 2 rations
 g - 7 chunks of flesh


   Skills:
 - Level 2.0 Fighting
 * Level 3.4 Axes
 - Level 1.7 Throwing
 + Level 2.9 Dodging


You had one spell level left.
You didn't know any spells.
Your spell library was empty.

Dungeon Overview and Level Annotations

Branches:
Dungeon (1/15)

Altars:


Innate Abilities, Weirdness & Mutations

You are partially covered in icy blue scales. (AC +2)


Message History

Things that are here:
a chunk of flesh; a frilled lizard skeleton
* * * LOW HITPOINT WARNING * * *
You feel sick.
A hobgoblin comes into view.
* * * LOW HITPOINT WARNING * * *
You feel sick.
The hobgoblin shouts!
The ooze splashes around in the water.
Found 2 green potions.
* * * LOW HITPOINT WARNING * * *
You feel sick.
The ooze hits the plant.
The hobgoblin misses you.
A goblin comes into view. It is wielding a club.
* * * LOW HITPOINT WARNING * * *
You feel sick.
There is an open door here.
The hobgoblin hits you but does no damage.
The goblin completely misses you.
You die...

...# #)...# .#
###########...####.#....#
..............#....#....#
..............#....#...##
............# #....##..#
............# #....#####
.)..........# #.....
)...........# #...#
............###.@.#
.%..........#.g...####
..........J.'..g.......
....PPPP....#...P.P....
....≈≈≈P....#..≈P≈P.....
....PPP≈PP..#...≈≈≈.....
..#.≈≈P≈P..##..≈≈♣......
..#..≈P♣≈P.#...P≈PP.....
###...≈≈≈..#..≈P≈≈.....


You could see an ooze, a hobgoblin and a goblin.

Vanquished Creatures
  A leopard gecko (D:1)
  A bat (D:1)
  2 giant cockroaches (D:1)
  3 goblins (D:1)
  3 hobgoblins (D:1)
  A frilled lizard (D:1)
  2 kobolds (D:1)
  6 rats (D:1)
19 creatures vanquished.

Notes
Turn   | Place    | Note
-------+----------+-------------------------------------------
     0 | D:1      | Holzbalken the Demonspawn Gladiator began the quest for the Orb.
     0 | D:1      | Reached XP level 1. HP: 16/16 MP: 1/1
    45 | D:1      | Reached skill level 3 in Axes
   218 | D:1      | Gained mutation: You are partially covered in icy blue scales. (AC +2) [demonic ancestry]
   218 | D:1      | Reached XP level 2. HP: 19/22 MP: 2/2
   420 | D:1      | HP: 1/22 [poisoned by a kobold]
   424 | D:1      | Succumbed to a kobold's poison

Vault maps used:
D:1:      dpeg_arrival_ratfight, serial_bayou_lagoon_a

Skill      XL: |  1 |
---------------+----+-----
Axes           | 3 |  3.4
Fighting       | |  2.0
Throwing       | |  1.7
Dodging        | |  2.9

Action                   || total
-------------------------++-------
Melee: War axe           ||    45
Armor: Leather armour    ||    14
Dodge: Dodged            ||    35

Table legend:
 A = Non-vault XP
 B = Vault XP
 C = Vault XP percentage of total XP
 D = Non-vault monster count
 E = Vault monster count
 F = Vault count percentage of total count
 G = Total turns spent on level
                 A         B        C        D         E       F
            +---------+---------+-------+---------+---------+-------
      Total |      24 |       5 |  17.2 |      14 |       5 |  26.3
            +---------+---------+-------+---------+---------+-------
        D:1 |      24 |       5 |  17.2 |      14 |       5 |  26.3
            +---------+---------+-------+---------+---------+-------
